 Dungeon Crawl Stone Soup version 0.29.1-12-g30fa7ad0bf (webtiles) character file.

Game seed: 11688848127715522792

2696 112233 the Thaumaturge (level 9, 0/52 HPs)
             Began as a Deep Elf Earth Elementalist on Dec 18, 2022.
             Slain by an orc warrior
             ... wielding a +0 halberd
              (23 damage)
             ... on level 7 of the Dungeon.
             The game lasted 00:06:01 (7890 turns).

112233 the Thaumaturge (DEEE)                       Turns: 7890, Time: 00:06:01

Health: 0/52       AC:  3    Str:  5    XL:     9   Next: 38%
Magic:  22/25      EV: 15    Int: 25    God:
Gold:   371        SH:  5    Dex: 15    Spells: 23/29 levels left

rFire   . . .      SeeInvis .   D - staff of conjuration
rCold   . . .      Faith    .   (no shield)
rNeg    . . .      Spirit   .   a - +0 robe
rPois   .          Reflect  +   (no helmet)
rElec   .          Harm     .   (no cloak)
rCorr   .          Rampage  .   (no gloves)
Will    .....                   e - +0 pair of boots
Stlth   ++........              g - amulet of reflection
HPRegen 0.17/turn               (no ring)
MPRegen 0.19/turn               (no ring)

@: no status effects
A: no striking features
a: no special abilities


You were on level 7 of the Dungeon.
You visited 2 branches of the dungeon, and saw 8 of its levels.

You collected 371 gold pieces.

Inventory:

Hand Weapons
 f - a +1 mace of flaming
Armour
 a - a +0 robe (worn)
 e - a +0 pair of boots (worn)
 o - a +2 buckler
Magical Staves
 D - a staff of conjuration (weapon)
Jewellery
 g - an amulet of reflection (around neck)
Wands
 B - a wand of digging (5)
Scrolls
 h - a scroll of poison
 i - 2 scrolls of noise
 j - 3 scrolls of blinking
 l - 2 scrolls of identify
 u - a scroll of butterflies
 v - a scroll of enchant weapon
 x - a scroll of brand weapon
 y - a scroll of silence {unknown}
 A - a scroll of enchant armour {unknown}
 C - a scroll of amnesia {unknown}
Potions
 b - 2 potions of magic
 c - 3 potions of heal wounds
 d - a potion of resistance {unknown}
 k - a potion of mutation {unknown}
 m - 4 potions of curing {unknown}
 n - a potion of degeneration {unknown}
 p - a potion of flight {unknown}
 q - a potion of might {unknown}
 r - 4 potions of lignification {unknown}
 t - 3 potions of brilliance {unknown}
 z - a potion of ambrosia {unknown}


   Skills:
 + Level 3.7 Fighting
 + Level 6.2 Dodging
 - Level 2.5 Stealth
 + Level 3.6 Shields
 * Level 10.9 Spellcasting
 - Level 1.2 Transmutations
 + Level 7.0 Earth Magic


You had 23 spell levels left.
You knew the following spells:

 Your Spells              Type           Power      Damage    Failure   Level
a - Sandblast             Erth           96%        2d20      1%          1
b - Stone Arrow           Conj/Erth      92%        3d12      3%          3
c - Passwall              Tmut/Erth      28%        N/A       1%          2

Your spell library contained the following spells:

 Spells                   Type           Power      Damage    Failure   Level
 Petrify                  Tmut/Erth      34%        N/A       9%          4
 Animate Armour           Summ/Erth      62%        N/A       11%         4
 Blade Hands              Tmut           9%         N/A       58%         5
 Iron Shot                Conj/Erth      23%        9d5       85%         6


Dungeon Overview and Level Annotations

Branches:
Dungeon (7/15)             Temple (1/1) D:5

Altars:
Ashenzari
Cheibriados
Dithmenos
Elyvilon
Fedhas
Hepliaklqana
Kikubaaqudgha
Makhleb
Nemelex Xobeh
Okawaru
Qazlal
Ru
Sif Muna
Trog
Uskayaw
Vehumet
Wu Jian
Xom
Yredelemnul
Zin
The Shining One

Shops:
D:2 (:[!   D:5 :


Message History

Casting: Sandblast (safe; 1% risk of failure)
Confirm with . or Enter, or press ? or * to list all spells.
Aiming: Stone Arrow (dangerous; 3% risk of failure)
Press: ? - help, Shift-Dir - straight line, f/p - orc
Aim: an orc, wielding a +4 mace of holy wrath and wearing a +0 scale mail (heavily wounded, 79% to hit)
You feel a surge of power!
The stone arrow hits the orc!
You kill the orc!
The orc throws a boomerang.
The boomerang closely misses you.
An orc comes into view. It is wielding a +0 hand axe.
There is a stone staircase leading up here.
You climb upwards.
There is a stone staircase leading down here.
Unknown command.
You start resting.
Magic restored.
You start waiting.
Done waiting.
(D) Dungeon (T) Temple
Where to? (Enter - D:7 @ (x,y), ? - help)
Okay, then.
Search for what [Enter for "goza", or ? for help]? goz Can't find anything matching that.
Unknown command.
You climb downwards.
The orc shouts!
You hear a bellow!
The orc warrior completely misses you.
The orc warrior hits you from afar with a +0 halberd!
There is a stone staircase leading up, spattered with blood here.
Unknown command.
Casting: Stone Arrow (dangerous; 3% risk of failure)
Confirm with . or Enter, or press ? or * to list all spells.
Aiming: Stone Arrow (dangerous; 3% risk of failure)
Press: ? - help, Shift-Dir - straight line, f - orc
Aim: an orc, wielding a +0 falchion and quivering boomerangs (76% to hit)
You feel a surge of power!
The stone arrow hits the orc!!
You kill the orc!
The orc warrior hits you from afar with a +0 halberd!!
The orc priest begins to cast a cantrip, but forgets the words!
The orc warrior hits you from afar with a +0 halberd!!
You die...

...........##......#.....
...........#.....#.# ...
...........#....$#.# ...
.................).# ...
###................#....
....###............'.o..
##### #........)o.##....
#######............'Y...
................@o.#....
...................# ...
..........^........# #.
......)............'.
........#..........###
####### ..........# ##
..........# .#
########### .######


You could see a yak, an orc warrior, an orc priest and an orc.

Vanquished Creatures
  Pikel (D:7)
  3 yaks (D:7)
  A shadow (D:6)
  3 water moccasins
  An ogre (D:5)
  An ice beast (D:6)
  3 lemures
  A kobold brigand (D:7)
  2 bullfrogs
  3 scorpions
  A howler monkey (D:5)
  2 hounds
  2 gnoll boudas
  A jelly (D:7)
  2 orc priests (D:5)
  4 iguanas
  6 orc wizards
  Robin (D:4)
  8 gnolls
  8 adders
  A white imp (D:5)
  2 ufetubi
  A worm (D:4)
  4 dart slugs
  21 orcs
  6 endoplasms
  7 giant cockroaches
  9 goblins
  13 hobgoblins
  2 jackals (D:2)
  12 kobolds
  7 quokkas
  3 ball pythons
  4 bats
  4 frilled lizards
  4 rats
154 creatures vanquished.

Notes
Turn   | Place    | Note
-------+----------+-------------------------------------------
     0 | D:1      | 112233 the Deep Elf Earth Elementalist began the quest for
                  | the Orb.
     0 | D:1      | Reached XP level 1. HP: 10/10 MP: 6/6
   248 | D:1      | Reached XP level 2. HP: 11/15 MP: 2/8
   713 | D:1      | Reached skill level 4 in Spellcasting
  1010 | D:1      | Reached XP level 3. HP: 19/19 MP: 7/10
  1418 | D:2      | Found Emnienwon's Distillery.
  1522 | D:2      | Found Vecy's Antique Armour Shoppe.
  1678 | D:2      | Found Gadusm's Antique Weapon Emporium.
  1748 | D:2      | Found Vocirel's Book Shop.
  2029 | D:2      | Found Uleotz's Book Shoppe.
  2343 | D:2      | Found a faded altar of an unknown god.
  2413 | D:3      | Noticed a water moccasin
  2426 | D:3      | Killed a water moccasin
  2427 | D:3      | Reached skill level 6 in Spellcasting
  2427 | D:3      | Reached XP level 4. HP: 24/24 MP: 10/14
  2427 | D:3      | Reached XP level 5. HP: 28/28 MP: 10/15
  2475 | D:3      | Learned a level 3 spell: Stone Arrow
  2478 | D:3      | Learned a level 2 spell: Passwall
  3300 | D:3      | Found a hazy altar of Hepliaklqana.
  3541 | D:4      | Reached XP level 6. HP: 30/33 MP: 13/17
  3689 | D:4      | Reached skill level 1 in Fighting
  3689 | D:4      | Reached skill level 1 in Shields
  3905 | D:4      | Noticed Robin
  3909 | D:4      | Killed Robin
  4091 | D:4      | Reached skill level 7 in Spellcasting
  4091 | D:4      | Reached skill level 5 in Earth Magic
  4184 | D:4      | Found an ornate altar of the Wu Jian Council.
  4399 | D:5      | Entered Level 5 of the Dungeon
  4405 | D:5      | Reached XP level 7. HP: 38/38 MP: 16/19
  4863 | D:5      | Reached skill level 8 in Spellcasting
  4957 | D:5      | Found Hyaxzif's Book Emporium.
  5013 | D:5      | Found a staircase to the Ecumenical Temple.
  5023 | Temple   | Entered the Ecumenical Temple
  5225 | D:5      | Identified the +5 ring mail of Geojycy {Will- Dex+4 Stlth+}
  5816 | D:6      | Reached XP level 8. HP: 44/44 MP: 18/22
  5961 | D:6      | Reached skill level 9 in Spellcasting
  6106 | D:6      | Reached skill level 5 in Dodging
  6734 | D:7      | Noticed Pikel
  6740 | D:7      | Identified a scroll of acquirement
  6740 | D:7      | Acquired a book of Iron
  7156 | D:7      | Reached skill level 10 in Spellcasting
  7160 | D:7      | Reached XP level 9. HP: 51/51 MP: 9/25
  7604 | D:7      | Killed Pikel
  7890 | D:7      | Slain by an orc warrior

Illustrated notes

Levels and vault maps discovered:
D:1:      elethiomel_arrival_quiet, layout_basic, minmay_misc_feat_square
D:2:      layout_loops_ring, serial_shops, nicolae_shop_advertising_works
          [nicolae_subvault_shop_adworks], nicolae_lakefront_shop, shop,
          nicolae_shop_behind_doors, shop, shapermc_ecumenical_altar_mp_vishouse
D:3:      layout_basic, worldfamousw_hep_ancestral_shrine
D:4:      layout_rooms, hangedman_decor_lopped, minmay_ruined_shrine, uniq_robin
D:5:      layout_layer_cave, minmay_temple_entry_large_hall,
          kennysheep_windowed_goal
D:6:      layout_rooms, amcnicky_mini_pool_small, minivault_1
D:7:      layout_basic, uniq_pikel
Temple:   nicolae_temple_bog_church

Skill      XL: |  1  2  3  4  5  6  7  8  9 |
---------------+----------------------------+-----
Spellcasting   | 4 6 7 8 10 | 10.9
Earth Magic    | 4 5 6 7 |  7.0
Dodging        | 3 4 5 6 |  6.2
Fighting       | 1 2 3 |  3.7
Shields        | 1 2 3 |  3.6
Stealth        | |  2.5
Transmutations | |  1.2

Action                   |  1- 3 |  4- 6 |  7- 9 || total
-------------------------+-------+-------+-------++-------
Melee: Mace              |     3 |     1 |       ||     4
 Cast: Sandblast         |    64 |    76 |    50 ||   190
       Stone Arrow       |       |     2 |    65 ||    67
  Use: Scroll            |     2 |     4 |     5 ||    11
       Potion            |       |     1 |     1 ||     2
Armor: Robe              |    12 |     6 |     1 ||    19
Dodge: Dodged            |    31 |    28 |    31 ||    90
Block: Other             |     5 |     7 |    15 ||    27
       Reflection        |       |       |     1 ||     1
